 Dungeon Crawl Stone Soup version 0.31-a0-1388-g4b2ba238e7 (webtiles) character file.

Game seed: 7993918034192535642

6881 Laraso the Thaumaturge (level 10, -2/54 HPs)
             Began as a Deep Elf Cinder Acolyte on Dec 24, 2023.
             Was a High Priest of Ignis.
             Slain by a green draconian
             ... wielding a +0 glaive
              (11 damage)
             ... on level 2 of the Abyss.
             The game lasted 00:13:23 (9899 turns).

Laraso the Thaumaturge (Deep Elf Cinder Acolyte)    Turns: 9899, Time: 00:13:23

Health: -2/54      AC:  7    Str: 11    XL:     10   Next: 79%
Magic:  20/28      EV: 13    Int: 24    God:    Ignis [*****.]
Gold:   225        SH:  0    Dex: 10    Spells: 20/33 levels left

rFire   + . .        a - +4 dire flail (freeze)
rCold   . . .        (shield currently unavailable)
rNeg    . . .        D - +0 steam dragon scales
rPois   .            (no helmet)
rElec   .            (no cloak)
rCorr   .            (no gloves)
SInv    .            y - +1 pair of boots
Will    +....        (no amulet)
Stlth   +            (no ring)
HPRegen 0.29/turn    (no ring)
MPRegen 0.21/turn

%: no passive effects
@: no status effects
A: no striking features
a: Renounce Religion, Fiery Armour, Foxfire Swarm, Rising Flame


You were on level 2 of the Abyss.
You worshipped Ignis.
Ignis was extremely pleased with you.
You visited 2 branches of the dungeon, and saw 10 of its levels.
You visited the Abyss 1 time.

You collected 450 gold pieces.
You spent 225 gold pieces at shops.

Inventory:

Hand Weapons
 a - a +4 dire flail of freezing (weapon)
Missiles
 x - a throwing net
Armour
 e - a +2 buckler
 y - a +1 pair of boots (worn)
 D - +0 steam dragon scales (worn)
Jewellery
 r - a ring of see invisible
 t - an amulet of guardian spirit
 w - a ring of resist corrosion
Wands
 m - a wand of charming (10)
 p - a wand of flame (7)
 C - a wand of mindburst (15)
 E - a wand of iceblast (15)
Scrolls
 d - 3 scrolls of fog
 f - 2 scrolls of immolation
 h - a scroll of silence
 i - 8 scrolls of teleportation
 j - 2 scrolls of poison
 l - 2 scrolls of enchant weapon
 n - a scroll of torment {unknown}
 o - a scroll of fear {unknown}
 s - a scroll of enchant armour {unknown}
 A - a scroll of noise {unknown}
 B - a scroll of butterflies {unknown}
Potions
 c - 3 potions of might
 g - 2 potions of mutation {unknown}
 k - 2 potions of haste {unknown}
 q - a potion of degeneration {unknown}
 u - 2 potions of heal wounds {unknown}
 v - a potion of magic {unknown}
 z - 2 potions of curing


   Skills:
 - Level 2.4 Fighting
 - Level 3.0 Short Blades
 - Level 5.0 Dodging
 - Level 12.0 Spellcasting
 - Level 8.0 Conjurations
 * Level 11.6 Fire Magic
 - Level 4.0 Alchemy


You had 20 spell levels left.
You knew the following spells:

 Your Spells              Type           Power      Damage    Failure   Level
a - Scorch                Fire           100%       2d9       1%          2
b - Flame Wave            Conj/Fire      57%        2d14      1%          4
d - Sticky Flame          Fire/Alch      51%        2d9       1%          4
e - Inner Flame           Hex/Fire       42%        N/A       1%          3

Your spell library contained the following spells:

 Spells                   Type           Power      Damage    Failure   Level
 Kiss of Death            Conj/Necr      100%       2d13      1%          1
 Passwall                 Alch/Erth      20%        N/A       2%          2
 Stone Arrow              Conj/Erth      66%        3d11      2%          3
 Sandblast                Erth           28%        2d8       4%          1
 Brom's Barrelling Bould  Conj/Erth      33%        2d5       9%          4
 Iskenderun's Mystic Bla  Conj/Tloc      33%        2d8       9%          4
 Confusing Touch          Hex            14%        N/A       13%         3
 Tukima's Dance           Hex            14%        N/A       13%         3
 Dimensional Bullseye     Hex/Tloc       7%         N/A       38%         4
 Dispel Undead            Necr           14%        3d10      38%         4


Dungeon Overview and Level Annotations

Branches:
Dungeon (9/15)             Temple (0/1) D:5            Lair (1/5) D:8
    Orc: D:9-12

Altars:
Uskayaw

Shops:
D:4 (   D:7 [

Annotations:
Lair:1 Sonja


Message History

The large abomination is moderately damaged.
The large abomination's fire resistance burns away.
You hear a roar!
Casting: Scorch (safe; 1% risk of failure)
Confirm with . or Enter, or press ? or * to list all spells.
Aiming: Sticky Flame (dangerous; 1% risk of failure)
Press: ? - help, Shift-Dir - straight line, f - large abomination
Aim: a large abomination (moderately damaged, more vulnerable to fire)
The sticky flame hits the large abomination!
The large abomination is burned terribly!
The large abomination is moderately damaged.
The large abomination burns!
A green draconian comes into view. It is wielding a +0 glaive.
The large abomination completely misses you.
The large abomination burns!
The large abomination shakes off the sticky flame as it moves.
The large abomination attacks as it pursues you!
The large abomination hits you!!
Unknown command.
Okay, then.
Casting: Sticky Flame (dangerous; 1% risk of failure)
Confirm with . or Enter, or press ? or * to list all spells.
Flames lash the large abomination.
The large abomination is burned terribly!
You destroy the large abomination!
Unknown command.
Casting: Scorch (safe; 1% risk of failure)
Confirm with . or Enter, or press ? or * to list all spells.
Flames lash the green draconian.
The green draconian is lightly wounded.
The green draconian's fire resistance burns away.
The green draconian hits you from afar with a +0 glaive!
The green draconian hits you from afar with a +0 glaive!
* * * LOW HITPOINT WARNING * * *
Casting: Scorch (safe; 1% risk of failure)
Confirm with . or Enter, or press ? or * to list all spells.
You can't see any susceptible monsters within range! (Use Z to cast anyway.) Unknown command.
The green draconian misses you. The green draconian tail-slaps you!
You die...

#### .
######.. .#
..#.####.##
#....##.#.#
#.##d#....#
#####@#...##
#.....ยง....#
#.#..##....#..
....##
#.#.....# ###
#.##....# ....
.. .# X#...# #
# ...#.#. ##


You could see a green draconian (combustible).

Vanquished Creatures
  A two-headed ogre (D:8)
  A large abomination (Abyss:2)
  A black mamba (Lair:1)
  4 cane toads (Lair:1)
  Sigmund (D:3)
  2 wyverns
  5 yaks (Lair:1)
  A basilisk (Lair:1)
  A steam dragon (D:8)
  4 water moccasins
  An ice beast (D:8)
  2 orc warriors (D:8)
  An ogre (D:5)
  2 wolves (D:8)
  A centaur (D:5)
  Blork the orc (D:4)
  A kobold brigand (D:9)
  7 bullfrogs
  A gnoll sergeant (D:8)
  9 wights
  A bombardier beetle (D:4)
  A gnoll bouda (D:7)
  3 jellies
  6 hounds
  5 orc priests
  An iguana (D:6)
  3 orc wizards
  6 gnolls
  12 adders
  A white imp (D:6)
  2 ufetubi (D:6)
  4 worms
  28 orcs
  8 endoplasms
  4 giant cockroaches
  5 goblins
  4 hobgoblins
  5 quokkas
  14 ball pythons
  5 bats
  6 frilled lizards
  13 kobolds
  6 rats
190 creatures vanquished.

Notes
Turn   | Place    | Note
-------+----------+-------------------------------------------
     0 | D:1      | Laraso the Deep Elf Cinder Acolyte began the quest for the
                  | Orb.
     0 | D:1      | Reached XP level 1. HP: 13/13 MP: 5/5
    37 | D:1      | Reached skill level 2 in Spellcasting
   140 | D:1      | Reached XP level 2. HP: 18/18 MP: 7/7
   143 | D:1      | Learned a level 2 spell: Scorch
   352 | D:1      | Reached skill level 3 in Spellcasting
   708 | D:1      | Reached XP level 3. HP: 22/22 MP: 6/9
  1104 | D:2      | Reached skill level 4 in Spellcasting
  1304 | D:2      | Reached XP level 4. HP: 27/27 MP: 8/12
  1580 | D:2      | Reached skill level 5 in Spellcasting
  2493 | D:3      | Reached skill level 6 in Spellcasting
  2493 | D:3      | Reached XP level 5. HP: 31/31 MP: 11/15
  3044 | D:3      | Noticed Sigmund
  3047 | D:3      | Killed Sigmund
  3048 | D:3      | Reached skill level 8 in Spellcasting
  3048 | D:3      | Reached XP level 6. HP: 33/36 MP: 8/19
  3156 | D:3      | Found a faded altar of an unknown god.
  3532 | D:4      | Noticed Blork the orc
  3543 | D:4      | Killed Blork the orc
  3764 | D:4      | Reached skill level 9 in Spellcasting
  3899 | D:4      | Found Qunaj's Weapon Boutique.
  4026 | D:4      | Reached XP level 7. HP: 40/40 MP: 16/22
  4380 | D:5      | Entered Level 5 of the Dungeon
  4414 | D:5      | Reached skill level 10 in Spellcasting
  4633 | D:5      | Found a staircase to the Ecumenical Temple.
  4945 | D:5      | Reached skill level 11 in Spellcasting
  5442 | D:6      | Reached XP level 8. HP: 28/45 MP: 12/25
  5695 | D:6      | Reached skill level 12 in Spellcasting
  5695 | D:6      | Reached skill level 1 in Dodging
  6211 | D:6      | Learned a level 4 spell: Flame Wave
  6216 | D:6      | Learned a level 4 spell: Sticky Flame
  6253 | D:6      | Reached skill level 5 in Dodging
  6419 | D:6      | Reached skill level 1 in Conjurations
  6419 | D:6      | Reached skill level 1 in Alchemy
  6971 | D:7      | Reached skill level 5 in Fire Magic
  7184 | D:7      | Found Coapin Kenk's Antique Armour Shoppe.
  7192 | D:7      | Bought a pair of runed boots for 225 gold pieces
  7730 | D:8      | Reached XP level 9. HP: 44/49 MP: 19/27
  7737 | D:8      | Noticed a two-headed ogre
  8146 | D:8      | Found a staircase to the Lair.
  8264 | D:8      | Reached skill level 5 in Conjurations
  8391 | D:8      | Killed a two-headed ogre
  8563 | D:8      | Found a hide-covered altar of Uskayaw.
  9072 | D:9      | Reached XP level 10. HP: 54/54 MP: 12/28
  9280 | Lair:1   | Entered Level 1 of the Lair of Beasts
  9288 | Lair:1   | Noticed a cane toad
  9288 | Lair:1   | Noticed a cane toad
  9294 | Lair:1   | Killed a cane toad
  9296 | Lair:1   | Killed a cane toad
  9426 | Lair:1   | Reached skill level 10 in Fire Magic
  9427 | Lair:1   | Noticed a cane toad
  9499 | Lair:1   | Killed a cane toad
  9605 | Lair:1   | Learned a level 3 spell: Inner Flame
  9623 | Lair:1   | Noticed a cane toad
  9628 | Lair:1   | Killed a cane toad
  9820 | Lair:1   | Noticed Sonja
  9820 | Lair:1   | Noticed a black mamba
  9824 | Lair:1   | Noticed a black mamba
  9825 | Lair:1   | Killed a black mamba
  9826 | Abyss:2  | Cast into level 2 of the Abyss (Sonja)
  9853 | Abyss:2  | Noticed a thrashing horror
  9885 | Abyss:2  | Noticed a large abomination
  9892 | Abyss:2  | Noticed a green draconian
  9896 | Abyss:2  | Killed a large abomination
  9899 | Abyss:2  | Slain by a green draconian

Illustrated notes

Levels and vault maps discovered:
D:1:      giann_bridges, layout_rooms
D:2:      layout_basic
D:3:      layout_loops_ring, shapermc_ecumenical_altar_mp_urbaneastern,
          uniq_sigmund
D:4:      layout_gridville, serial_shops, shop, uniq_blork_the_orc
D:5:      layout_basic, minmay_temple_entry_purple_smoke
D:6:      layout_basic
D:7:      layout_loops_ring, serial_shops, nicolae_shop_tiny_statue_garden
D:8:      layout_basic, overflow_temple_1_default, erik_lair_orcish_takeover
D:9:      layout_loops_ring
Lair:1:   layout_cave_pods, uniq_jeremiah, uniq_sonja
Abyss:2:  base:
D:5

Skill      XL: |  1  2  3  4  5  6  7  8  9 10 |
---------------+-------------------------------+-----
Spellcasting   | 2 3 4 6 8 9 11 12 | 12.0
Fire Magic     | 4 5 8 11 | 11.6
Dodging        | 5 |  5.0
Conjurations   | 3 7 8 |  8.0
Alchemy        | 3 4 |  4.0
Fighting       | |  2.4
Short Blades   | |  3.0

Action                     |  1- 3 |  4- 6 |  7- 9 | 10-12 || total
---------------------------+-------+-------+-------+-------++-------
  Melee: Short sword       |    27 |     1 |       |       ||    28
         Dire flail        |       |       |     4 |     3 ||     7
   Cast: Scorch            |    35 |    82 |   122 |    14 ||   253
         Flame Wave        |       |       |    12 |     8 ||    20
         Sticky Flame      |       |       |     5 |     5 ||    10
 Invoke: Fiery Armour      |       |       |     1 |     2 ||     3
    Use: Scroll            |       |     5 |     2 |       ||     7
         Potion            |       |       |     1 |       ||     1
 Armour: Robe              |    13 |    12 |    32 |       ||    57
         Steam dragon scal |       |       |     2 |    32 ||    34
  Dodge: Dodged            |    15 |     7 |    50 |    22 ||    94

Table legend: (Time is in decaauts)
 A = Elapsed time spent in this place.
 B = Non-inter-level travel time spent in this place.
 C = Inter-level travel time spent in this place.
 D = Time resting spent in this place.
 E = Time spent auto-exploring this place.
 F = Levels seen in this place.
 G = Mean time per level.
                   A        B        C        D        E       F      G
               +--------+--------+--------+--------+--------+-----+--------+
         Total |   9901 |   9516 |    385 |   2016 |   6300 |  11 |  900.1 |
       Dungeon |   9468 |   9083 |    385 |   1920 |   6052 |   9 | 1052.0 |
          Lair |    360 |    360 |      0 |     69 |    236 |   1 |  360.0 |
         Abyss |     72 |     72 |      0 |     27 |     12 |   1 |   72.0 |
               +--------+--------+--------+--------+--------+-----+--------+

Top non-repeatable levels by time:
     D:7: 1429 daAuts
     D:8: 1420 daAuts
     D:6: 1303 daAuts
     D:3: 1213 daAuts
     D:2: 1180 daAuts
     D:4: 1001 daAuts
     D:1: 983 daAuts
     D:5: 918 daAuts
  Lair:1: 360 daAuts
 Abyss:2: 72 daAuts
     D:9: 17 daAuts
